 Dungeon Crawl Stone Soup version 0.31.0-7-gf635a9b802 (webtiles) character file.

Game seed: 3315495944220824159

168 Arcadio the Sneak (level 5, -1/48 HPs)
             Began as a Kobold Brigand on Jan 23, 2024.
             Slain by a gnoll
             ... wielding a +0 spear
             ... led by a gnoll bouda
              (3 damage)
             ... on level 4 of the Dungeon.
             The game lasted 00:04:58 (2856 turns).

Arcadio the Sneak (Kobold Brigand)                  Turns: 2856, Time: 00:04:59

Health: -1/48      AC: 22    Str:  9    XL:     5   Next: 77%
Magic:  5/5        EV:  3    Int: 14    God:
Gold:   177        SH:  0    Dex: 23    Spells: 4/4 levels left

rFire   . . .        g - +8 hand axe of the Boiling Point {drain, ^Contam Int+2 Dex+5 Stlth+}
rCold   . . .        (no shield)
rNeg    . . .        b - melded +0 robe
rPois   +            i - melded +1 helmet
rElec   .            c - melded +0 cloak
rCorr   .            (gloves currently unavailable)
SInv    .            (boots currently unavailable)
Will    .....        (no amulet)
Stlth   ++++++       (no ring)
HPRegen 0.28/turn    (no ring)
MPRegen 0.09/turn

%: no passive effects
@: tree-form, weakened
A: stationary, stasis, torment immunity, boosted hp, small, no large weapons,
nightstalker 3
a: no special abilities


You were on level 4 of the Dungeon.
You were a tree.
You visited 1 branch of the dungeon, and saw 4 of its levels.

You collected 177 gold pieces.

Inventory:

Hand Weapons
 a - a +2 dagger
 g - the +8 hand axe of the Boiling Point (weapon) {drain, ^Contam Int+2 Dex+5 Stlth+}
   (You found it on level 2 of the Dungeon)

   Int+2:     It affects your intelligence (+2).
   Dex+5:     It affects your dexterity (+5).
   ^Contam:   It causes magical contamination when unequipped.
   Stlth+:    It makes you more stealthy.
 j - a +1 dagger of draining
Missiles
 d - 13 poisoned darts (quivered)
 e - 3 curare-tipped darts
Armour
 b - a +0 robe (melded)
 c - a +0 cloak (melded)
 i - a +1 helmet (melded)
Jewellery
 l - an amulet of magic regeneration
Scrolls
 f - a scroll of blinking
 h - a scroll of vulnerability {unknown}
 k - a scroll of summoning {unknown}
 m - a scroll of amnesia {unknown}
 r - 4 scrolls of identify


   Skills:
 + Level 3.5 Fighting
 + Level 4.3 Short Blades
 - Level 2.1 Throwing
 + Level 3.2 Dodging
 + Level 6.4 Stealth


You had 4 spell levels left.
You didn't know any spells.
Your spell library contained the following spells:

 Spells                   Type           Power      Damage    Failure   Level
 Apportation              Tloc           0%         N/A       28%         1
 Necrotise                Necr           0%         1d4       28%         1
 Sting                    Conj/Alch      0%         1d3       28%         1
 Summon Small Mammal      Summ           0%         N/A       28%         1
 Dazzling Flash           Conj/Hex       0%         N/A       65%         3
 Mephitic Cloud           Conj/Alch/Air  0%         N/A       65%         3
 Curse of Agony           Necr           0%         N/A       100%        5
 Silence                  Hex/Air        0%         N/A       100%        5


Dungeon Overview and Level Annotations

Branches:
Dungeon (4/15)
 Temple: D:4-7

Altars:


Innate Abilities, Weirdness & Mutations

You are a tree.
Your roots penetrate the ground, keeping you stationary.
You cannot be teleported.
You are immune to unholy pain and torment.
Your maximum health is greatly increased.
Your equipment is partially melded.
You are small and have problems with some larger weapons.
You are completely attuned to the shadows.


Message History

The gnoll barely misses you. x2
The gnoll bouda barks out a call to the hunt!
The gnoll picks up the pace!
You closely miss the gnoll bouda. The gnoll bouda completely misses you.
The gnoll hits you from afar with a +0 spear.
You barely miss the gnoll bouda.
The gnoll bouda hits you with a +0 whip.
* * * LOW HITPOINT WARNING * * *
The gnoll closely misses you.
You hit the gnoll bouda but do no damage.
You drain the gnoll bouda.
The gnoll bouda is moderately wounded.
The gnoll bouda hits you with a +0 whip.
* * * LOW HITPOINT WARNING * * *
The gnoll barely misses you. The gnoll misses you.
The gnoll bouda closely misses you.
Your attacks no longer feel as feeble.
The gnoll attacks as it pursues you! The gnoll misses you.
It was a potion of lignification.
You turn into a tree.
Your +0 cloak melds into your body.
Your +1 helmet melds into your body.
Your +0 robe melds into your body.
Your roots penetrate the ground.
The gnoll hits you but does no damage.
The gnoll bouda hits you but does no damage.
You hit the gnoll bouda but do no damage.
The gnoll bouda is moderately wounded.
The gnoll hits you but does no damage.
The gnoll bouda hits you with a +0 whip.
* * * LOW HITPOINT WARNING * * *
You hit the gnoll bouda. You drain the gnoll bouda.
The gnoll bouda is severely wounded.
The gnoll hits you but does no damage.
The gnoll bouda gazes fiercely through you!
You feel your attacks grow feeble.
The gnoll bouda hits you but does no damage.
You closely miss the gnoll bouda.
The gnoll bouda is severely wounded.
The gnoll hits you but does no damage.
The gnoll bouda hits you but does no damage.
The gnoll hits you from afar with a +0 spear.
You die...

#......##....#
###.####....>..#
#......#.##.#.<.
.
#..###.........#
# #..#
#.#.##.#.## #
#..###.#.##...#
#........#
#......###
####♣### #)g#
#g## #. #. #.


You could see a gnoll bouda (very drained) and a gnoll (swift).

Vanquished Creatures
  Natasha (D:4)
  Robin (D:3)
  3 gnolls (D:4)
  An adder (D:2)
  3 ufetubi (D:4)
  A ribbon worm (D:2)
  2 dart slugs (D:1)
  2 orcs
  6 ball pythons
  6 endoplasms
  3 giant cockroaches
  9 goblins
  12 hobgoblins
  2 quokkas
  6 bats
  2 frilled lizards
  5 kobolds
  3 rats
68 creatures vanquished.

Notes
Turn   | Place    | Note
-------+----------+-------------------------------------------
     0 | D:1      | Arcadio the Kobold Brigand began the quest for the Orb.
     0 | D:1      | Reached XP level 1. HP: 12/12 MP: 1/1
   197 | D:1      | Reached XP level 2. HP: 18/18 MP: 2/2
   244 | D:1      | Found a faded altar of an unknown god.
   459 | D:1      | Reached XP level 3. HP: 22/22 MP: 3/3
  1263 | D:2      | Identified the +8 hand axe of the Boiling Point {drain,
                  | ^Contam Int+2 Dex+5 Stlth+}
  1602 | D:2      | Reached XP level 4. HP: 27/27 MP: 4/4
  1941 | D:3      | Noticed Robin
  1948 | D:3      | Reached skill level 6 in Stealth
  1949 | D:3      | Killed Robin
  2582 | D:4      | Reached XP level 5. HP: 32/32 MP: 5/5
  2626 | D:4      | Noticed Natasha
  2635 | D:4      | Killed Natasha
  2854 | D:4      | HP: 1/48 [gnoll bouda/+0 whip (3)]
  2856 | D:4      | Slain by a gnoll

Illustrated notes

Levels and vault maps discovered:
D:1:      eino_arrival_cavern_c, layout_basic,
          dreamdust_ecumenical_altar_statues, hangedman_decor_clover_reticule
D:2:      layout_loops_corners
D:3:      layout_basic, kennysheep_cross_bottleneck, uniq_robin
D:4:      cheibrodos_thug_alley, layout_loops_cross,
          nicolae_wu_jian_immortal_techniques, serial_demonic, serial_demonic_b,
          serial_demonic_g, serial_demonic_g, serial_demonic_c,
          sigmund_edmund_badplayer, uniq_natasha

Skill      XL: |  1  2  3  4  5 |
---------------+----------------+-----
Short Blades   | 3 4 |  4.3
Dodging        | 2 3 |  3.2
Fighting       | 3 |  3.5
Stealth        | 6 |  6.4
Throwing       | |  2.1

Action                     |  1- 3 |  4- 6 || total
---------------------------+-------+-------++-------
  Melee: Dagger            |    73 |       ||    73
         Hand axe          |     4 |    56 ||    60
         Punch             |     1 |       ||     1
    Use: Scroll            |     1 |       ||     1
         Potion            |       |     1 ||     1
   Stab: Sleeping          |    12 |    16 ||    28
 Armour: Robe              |    23 |    38 ||    61
         Skin              |       |     9 ||     9
  Dodge: Dodged            |    46 |    51 ||    97
